 Dungeon Crawl Stone Soup version 0.29.1-2-gbd0b4ee654 (webtiles) character file.

Game seed: 18254832578148661043

30 nshep25 the Cutter (level 3, -2/28 HPs)
             Began as a Demonspawn Gladiator on Nov 9, 2022.
             Slain by Terence
             ... wielding a +0 hand axe
              (5 damage)
             ... on level 2 of the Dungeon.
             The game lasted 00:01:41 (1262 turns).

nshep25 the Cutter (Demonspawn Gladiator)           Turns: 1262, Time: 00:01:41

Health: -2/28      AC:  5    Str: 14    XL:     3   Next: 3%
Magic:  3/3        EV: 12    Int:  9    God:
Gold:   33         SH:  0    Dex: 16    Spells: 2/2 levels left

rFire   . . .      SeeInvis .   a - +0 rapier
rCold   . . .      Faith    .   (no shield)
rNeg    + . .      Spirit   .   b - +0 leather armour
rPois   .          Reflect  .   c - +0 helmet
rElec   .          Harm     .   (no cloak)
rCorr   +          Rampage  .   (no gloves)
Will    .....                   (no boots)
Stlth   +.........              (no amulet)
HPRegen 0.09/turn               j - ring of positive energy
MPRegen 0.08/turn               o - ring of resist corrosion

@: no status effects
A: sharp scales 1
a: no special abilities


You were on level 2 of the Dungeon.
You visited 1 branch of the dungeon, and saw 2 of its levels.

You collected 33 gold pieces.

Inventory:

Hand Weapons
 a - a +0 rapier (weapon)
Missiles
 d - 3 throwing nets (quivered)
 e - a javelin
Armour
 b - a +0 leather armour (worn)
 c - a +0 helmet (worn)
Jewellery
 j - a ring of positive energy (left hand)
 o - a ring of resist corrosion (right hand)
Scrolls
 h - a scroll of torment {unknown}
 l - a scroll of teleportation {unknown}
 n - a scroll of poison {unknown}
Potions
 f - a potion of attraction {unknown}
 g - a potion of degeneration {unknown}
 i - a potion of heal wounds {unknown}
 k - 2 potions of curing {unknown}
 m - a potion of might {unknown}


   Skills:
 + Level 2.5 Fighting
 + Level 3.1 Short Blades
 + Level 1.8 Throwing
 + Level 0.3 Armour
 + Level 3.0 Dodging


You had 2 spell levels left.
You didn't know any spells.
Your spell library was empty.

Dungeon Overview and Level Annotations

Branches:
Dungeon (2/15)

Altars:

Annotations:
D:2 Terence


Innate Abilities, Weirdness & Mutations

You are partially covered in razor-sharp scales. (AC +1, Slay +1)


Message History

Increase (S)trength, (I)ntelligence, or (D)exterity?
You feel agile. x2
m - a sedimented silvery potion
k - 2 red potions (gained 1)
n - a scroll labelled NODWORIASK A giant cockroach comes into view.
The giant cockroach bites you but does no damage.
You see here a +0 long sword.
You hit the giant cockroach.
You kill the giant cockroach!
You see here a +0 long sword.
o - a ring of resist corrosion
j - a ring of positive energy (left hand)
o - a ring of resist corrosion (right hand) Terence the Incautious comes into view.
He is wielding a +0 hand axe.
Found 17 gold pieces.
Terence shouts!
You hit Terence.
Terence is moderately wounded.
Terence hits you with a +0 hand axe.
You barely miss Terence.
Terence is moderately wounded.
Terence hits you with a +0 hand axe! Terence says, "How do you enjoy it?"
Terence hits you with a +0 hand axe.
You barely miss Terence.
Terence is moderately wounded.
Terence closely misses you.
You hit Terence but do no damage.
Terence is moderately wounded.
Terence hits you with a +0 hand axe.
* * * LOW HITPOINT WARNING * * *
You hit Terence but do no damage.
Terence is moderately wounded.
Terence hits you with a +0 hand axe.
* * * LOW HITPOINT WARNING * * *
You hit Terence but do no damage.
Terence is moderately wounded.
Terence hits you with a +0 hand axe.
You die...

#.#.# #.##.# #.....# #...#
#.# #.# #...# ###.# #. #.#
##.###...# #.# #.# #.#
#...##...# #.#####.###.#
#..<.....# #...........#
##...##.(####
#..####.....##.###<###......
#..####....@...# #.# #.####.
#..........@# #.###.####.
#........#..# #.........†
#...........# ####...#...
#######.##### ######## #...
#.### #.# #.# #.#


You could see Terence.

Vanquished Creatures
  An adder (D:2)
  2 dart slugs
  A giant cockroach (D:2)
  2 hobgoblins (D:1)
  5 jackals (D:1)
  A ball python (D:2)
  A bat (D:1)
  A frilled lizard (D:2)
  3 rats
17 creatures vanquished.

Notes
Turn   | Place    | Note
-------+----------+-------------------------------------------
     0 | D:1      | nshep25 the Demonspawn Gladiator began the quest for the
                  | Orb.
     0 | D:1      | Reached XP level 1. HP: 16/16 MP: 1/1
   225 | D:1      | Gained mutation: You are partially covered in razor-sharp
                  | scales. (AC +1, Slay +1) [demonic ancestry]
   225 | D:1      | Reached XP level 2. HP: 18/23 MP: 2/2
  1163 | D:2      | Reached XP level 3. HP: 28/28 MP: 3/3
  1249 | D:2      | Noticed Terence
  1262 | D:2      | Slain by Terence

Illustrated notes

Levels and vault maps discovered:
D:1:      evilmike_arrival_plus, layout_basic
D:2:      minmay_door_path, layout_loops_ring, minmay_hexomino_p4, uniq_jessica,
          uniq_terence

Skill      XL: |  1  2 |
---------------+-------+-----
Short Blades   | 3 |  3.1
Dodging        | 3 |  3.0
Fighting       | |  2.5
Throwing       | |  1.8
Armour         | |  0.3

Action                   || total
-------------------------++-------
Melee: Rapier            ||    66
       Punch             ||     1
Armor: Leather armour    ||    17
Dodge: Dodged            ||    46
